 Dungeon Crawl Stone Soup version 0.26.0-10-g1f06aea511 (webtiles) character file.

Game seed: 12643441422961032022

54 inc the Vexing (level 3, 14/14 HPs)
             Began as a Felid Enchanter on Jan 29, 2021.
             Quit the game on level 1 of the Dungeon.
             The game lasted 00:07:40 (4090 turns).

inc the Vexing (Felid Enchanter)                    Turns: 4090, Time: 00:07:40

Health: 14/14      AC:  1    Str:  4    XL:     3   Next: 66%
Magic:  7/7        EV: 18    Int: 17    God:
Gold:   120        SH:  0    Dex: 16    Spells: 3/6 levels left
                                        Lives:  0   Deaths: 1

rFire    . . .     SeeInvis +     - Unarmed
rCold    . . .     Faith    .   (shield unavailable)
rNeg     . . .     Spirit   .   (armour unavailable)
rPois    .         Reflect  .   (helmet unavailable)
rElec    .         Harm     .   (cloak unavailable)
rCorr    .         Rampage  .   (gloves unavailable)
Will     .....                  (boots unavailable)
Stlth    +++.......             k - amulet of regeneration
HPRegen  0.44/turn              (no ring)
MPRegen  0.10/turn              (no ring)

@: quick
A: very small, no armour, no weapons or thrown items, stealth, claws 1, fangs 3,
see invisible, speed 1, shaggy fur 1, sharp paws
a: no special abilities


You were on level 1 of the Dungeon.
You visited 1 branch of the dungeon, and saw 3 of its levels.

You collected 120 gold pieces.

Inventory:

Jewellery
 k - an amulet of regeneration (around neck)
 m - a +4 ring of slaying {unknown}
Scrolls
 b - 2 scrolls of enchant armour {unknown}
 c - a scroll of identify
 d - a scroll of enchant weapon {unknown}
 e - a scroll of noise {unknown}
 g - a scroll of immolation {unknown}
 j - 2 scrolls of remove curse {unknown}
 l - 3 scrolls of amnesia {unknown}
 n - a scroll of teleportation {unknown}
Potions
 a - a potion of cancellation {unknown}
 f - 2 potions of mutation
 h - a potion of lignification {unknown}
 i - 2 potions of heal wounds
 o - a potion of curing
 p - a potion of magic {unknown}
 q - a potion of invisibility {unknown}


   Skills:
 - Level 2.6 Dodging
 + Level 4.8 Stealth
 - Level 2.4 Unarmed Combat
 - Level 2.0 Spellcasting
 - Level 5.6 Hexes
 - Level 1.9 Ice Magic


You had 3 spell levels left.
You knew the following spells:

 Your Spells              Type           Power        Failure   Level
a - Corona                Hex            22%          1%          1
b - Ensorcelled Hibernat  Hex/Ice        28%          6%          2

Your spell library contained the following spells:

 Spells                   Type           Power        Failure   Level
 Confusing Touch          Hex            20%          6%          3
 Tukima's Dance           Hex            20%          6%          3
 Dazzling Flash           Conj/Hex       22%          19%         3


Dungeon Overview and Level Annotations

Branches:
Dungeon (3/15)

Altars:
Zin

Annotations:
D:1 Jessica
D:2 Natasha
D:3 Ijyb


Innate Abilities, Weirdness & Mutations

You cannot wear armour.
You are incapable of wielding weapons or throwing items.
Your paws allow you to move quietly. (Stealth)
You have sharp claws.
You have razor-sharp teeth.
You have supernaturally acute eyesight. (SInv)
You cover ground quickly.
You are covered in fur. (AC +1)
Your sharp claws are effective at attacking unaware monsters.


Message History

Jessica casts a spell.
Jessica seems to speed up.
Casting: Corona (safe; 1% risk of failure)
Confirm with . or Enter, or press ? or * to list all spells.
You don't have enough magic to cast that spell.
Jessica misses you. Jessica hits you.
You completely miss Jessica. Jessica hits you.
You scratch Jessica but do no damage.
Jessica mumbles some strange words.
Jessica blinks!
Jessica casts a spell at you. Pain shoots through your body!
Ouch! That really hurt!
You die...
You are now level 3!
You rejoin the land of the living...
Things that are here:
4 stones; a +0 short sword Unknown command.
Are you sure you want to abandon this character and quit the game? (Confirm with "yes".)

.....#.# #...####.#.^..#.##.#
##'#.#.# #.#....#.####.#.##.#
...#.#.###.#.............##.#
##.#.......#..#..........##.#
#.###.#####..###.####.#.##.#
#.# #.# #..# #.##...#....#
#.###.#####..# #.##.########
#............###'##...†.†..#
#####...####..#@..########.#
###.# #..#...# #.# #.#
#..#...# #[# #.# #..#...# #.#
#.# #...#+## #.# ####'##
#.#.#.#########.# #.....#
#...............# #.....#
###.#.######.#### #.....#
#...# #.##.#


There were no monsters in sight!

Vanquished Creatures
  4 adders
  An ooze (D:1)
  3 worms
  4 dart slugs
  2 leopard geckos (D:1)
  An orc (D:3)
  4 giant cockroaches
  8 hobgoblins
  3 jackals (D:2)
  3 kobolds (D:1)
  A quokka (D:3)
  A ball python (D:2)
  7 bats
  6 frilled lizards
  4 goblins
  4 rats
56 creatures vanquished.

Notes
Turn   | Place    | Note
-------+----------+-------------------------------------------
     0 | D:1      | inc the Felid Enchanter began the quest for the Orb.
     0 | D:1      | Reached XP level 1. HP: 7/7 MP: 4/4
   409 | D:1      | Reached XP level 2. HP: 8/11 MP: 6/6
   850 | D:1      | Learned a level 2 spell: Ensorcelled Hibernation
  1132 | D:1      | Reached XP level 3. HP: 7/14 MP: 0/7
  2206 | D:2      | Reached skill level 1 in Ice Magic
  2220 | D:2      | Reached skill level 5 in Hexes
  2297 | D:2      | Noticed Natasha
  2894 | D:3      | Reached XP level 4. HP: 6/18 MP: 0/8
  3621 | D:3      | Found a glowing silver altar of Zin.
  3844 | D:3      | Noticed Ijyb
  3983 | D:2      | Noticed Jessica
  4089 | D:1      | Killed from afar by Jessica
  4090 | D:1      | Reached XP level 3. HP: -1/14 MP: 1/7
  4090 | D:1      | Quit the game

Illustrated notes

Levels and vault maps discovered:
D:1:      dpeg_arrival_rhombus, layout_basic, minmay_small_reverse_x
D:2:      layout_rooms, uniq_jessica, uniq_natasha, uniq_crazy_yiuf_cottage
D:3:      layout_loops_ring, marbit_many_paths, kennysheep_small_spiral,
          uniq_ijyb

Skill      XL: |  1  2  3 |
---------------+----------+-----
Unarmed Combat | 2 |  2.4
Ice Magic      | 1 |  1.9
Hexes          | 5 |  5.6
Dodging        | |  2.6
Stealth        | |  4.8
Spellcasting   | |  2.0

Action                   |  1- 3 |  4- 6 || total
-------------------------+-------+-------++-------
Melee: Unarmed           |   127 |    34 ||   161
       Bite              |     5 |     1 ||     6
 Cast: Ensorcelled Hiber |    27 |    26 ||    53
       Corona            |       |     1 ||     1
  Use: Scroll            |       |     3 ||     3
 Stab: Sleeping          |    24 |    16 ||    40
Armor: Skin              |    14 |     1 ||    15
Dodge: Dodged            |   158 |    21 ||   179
